 Dungeon Crawl Stone Soup version 0.22-a0-223-g0f5d773 (webtiles) character file.

7925 MatthieuS the Zephyrmancer (level 11, -7/66 HPs)
             Began as a Tengu Air Elementalist on Feb 18, 2018.
             Was a Believer of Sif Muna.
             Mangled by a minotaur zombie (23 damage)
             ... in a labyrinth.
             The game lasted 00:53:34 (14467 turns).

MatthieuS the Zephyrmancer (TeAE)                  Turns: 14467, Time: 00:53:34

Health: -7/66      AC:  6    Str: 10    XL:     11   Next: 22%
Magic:  4/24       EV: 14    Int: 20    God:    Sif Muna [**....]
Gold:   540        SH:  8    Dex: 14    Spells: 5/27 levels left

rFire    . . .     SeeInvis .   (no weapon)
rCold    . . .     Gourm    .   h - +3 buckler
rNeg     . . .     Faith    .   A - +2 leather armour {rPois}
rPois    +         Spirit   .   (helmet restricted)
rElec    .         Reflect  .   (no cloak)
rCorr    .         Harm     .   t - +0 pair of gloves
MR       .....                  (boots unavailable)
Stlth    +++.......             (no amulet)
HPRegen  0.21/turn              u - +2 ring of intelligence
MPRegen  0.19/turn              k - ring of stealth

@: confusing touch, divine energy
A: beak, talons 3, able to fly 1
a: Fly, Stop Divine Energy, Renounce Religion


You were in a labyrinth.
You worshipped Sif Muna.
Sif Muna was pleased with you.
You were not hungry.

You visited 3 branches of the dungeon, and saw 12 of its levels.
You also visited: Labyrinth.

You collected 606 gold pieces.
You spent 66 gold pieces at shops.

Inventory:

Hand Weapons
 a - a +1 dagger of venom
 v - a +4 scimitar of flaming
 D - the +9 flail of Jaasosh {flame, rC+++ Str-4 Int-2 Dex+7}
   (You took it off an orc wizard on level 8 of the Dungeon)

   It has been specially enchanted to burn those struck by it, causing extra
   injury to most foes and up to half again as much damage against particularly
   susceptible opponents.
   It affects your strength (-4).
   It affects your intelligence (-2).
   It affects your dexterity (+7).
   It renders you almost immune to cold.
 I - the +7 longbow "Piercer" {penet, EV-2}
   (You found it in a labyrinth)

   Ammo fired by it will pass through the targets it hits, potentially hitting
   all targets in its path until it reaches maximum range.
   It affects your evasion (-2).
Missiles
 B - a throwing net (quivered)
Armour
 h - a +3 buckler (worn)
 t - a +0 pair of gloves (worn)
 A - a +2 leather armour of poison resistance (worn)
 J - a +2 robe of fire resistance
Magical Staves
 e - an uncursed staff of fire
Jewellery
 g - an uncursed amulet of regeneration {unknown}
 j - a +4 ring of slaying
 k - a ring of stealth (right hand)
 p - an uncursed ring of positive energy
 u - a +2 ring of intelligence (left hand)
 H - an uncursed ring of poison resistance {unknown}
Wands
 s - a wand of flame (40)
 x - a wand of scattershot (2)
 y - a wand of random effects (64)
 E - a wand of polymorph (15)
 F - a wand of paralysis (11)
Scrolls
 c - 2 scrolls of enchant weapon
 f - 8 scrolls of remove curse
 n - 4 scrolls of teleportation
 q - 3 scrolls of amnesia
 r - a scroll of blinking {unknown}
 z - a scroll of fear
 G - 2 scrolls of identify
Potions
 d - a potion of brilliance
 i - a potion of cancellation
 l - 2 potions of might
 m - 3 potions of haste
 o - a potion of agility
 w - 2 potions of flight
 C - a potion of lignification
Comestibles
 b - 15 rations


   Skills:
 + Level 6.4 Fighting
 - Level 3.0 Armour
 + Level 5.2 Dodging
 - Level 2.0 Stealth
 - Level 4.3 Shields
 * Level 8.9 Spellcasting
 + Level 8.7 Conjurations
 - Level 2.0 Hexes
 - Level 4.0 Summonings
 + Level 9.6 Air Magic
 - Level 1.0 Invocations


You had 5 spell levels left.
You knew the following spells:

 Your Spells              Type           Power        Failure   Level  Hunger
a - Shock                 Conj/Air       ####         1%          1    None
b - Swiftness             Chrm/Air       ####....     2%          2    None
c - Static Discharge      Conj/Air       #####...     1%          3    None
d - Animate Skeleton      Necr           N/A          11%         1    None
e - Confusing Touch       Hex            ###...       4%          1    None
f - Apportation           Tloc           #.....       11%         1    None
g - Airstrike             Air            #####.....   1%          4    ###....
h - Lightning Bolt        Conj/Air       #####.....   6%          5    #####..
i - Summon Lightning Spi  Summ/Air       #####...     6%          4    ###....


Dungeon Overview and Level Annotations

Branches:
Dungeon (10/15)            Temple (1/1) D:4            Lair (1/6) D:8
    Orc: D:9-12

Altars:
Ashenzari
Cheibriados
Dithmenos
Elyvilon
Fedhas
Gozag
Hepliaklqana
Kikubaaqudgha
Makhleb
Nemelex Xobeh
Okawaru
Qazlal
Ru
Sif Muna
Trog
Uskayaw
Vehumet
Wu Jian
Xom
Yredelemnul
Zin
The Shining One

Shops:
D:6 *(   D:7 =   D:8 %

Annotations:
D:7 1 runed door
Lair:1 Gastronok


Innate Abilities, Weirdness & Mutations

You have a beak for a mouth.
You have claws for feet.
You can fly.


Message History

The minotaur zombie is severely damaged.
The minotaur zombie completely misses you.
The minotaur zombie gores you.
You hit the minotaur zombie but do no damage.
The minotaur zombie is severely damaged.
The minotaur zombie barely misses you. x2
You hit the minotaur zombie but do no damage.
The minotaur zombie is severely damaged.
You hit the minotaur zombie but do no damage.
You claw the minotaur zombie, but do no damage.
The minotaur zombie is severely damaged.
You block the minotaur zombie's attack. The minotaur zombie misses you.
You hit the minotaur zombie but do no damage.
The minotaur zombie is severely damaged.
The minotaur zombie hits you! The minotaur zombie gores you!
* * * LOW HITPOINT WARNING * * *
You hit the minotaur zombie but do no damage.
The minotaur zombie is severely damaged.
The minotaur zombie hits you!!
You die...

.# . ..# #
### .....
#.# #. .#
###'## ...
###..⌠.###.#
#.'⌠.Z.'((.#
###..@<# # #
#.⌠..# # (.
##+### # #[#
.. # # #
.... # . #.#
#


You could see a minotaur zombie.

Vanquished Creatures
  A minotaur (Lab)
  Erica (D:10)
  The ghost of edsrzf the Arsonist, a journeyman OpFE of Vehumet (D:9)
  A two-headed ogre (D:10)
  Pikel (D:7)
  2 hippogriffs
  6 yaks (D:10)
  A hungry ghost (D:9)
  2 wargs (D:8)
  A water moccasin (D:6)
  Duvessa (D:4)
  A porcupine (Lair:1)
  An ice beast (D:6)
  2 sky beasts (D:6)
  A necrophage (D:7)
  3 orc warriors
  A wolf (D:10)
  4 ogres
  A centaur (D:8)
  6 bullfrogs
  A big kobold (D:10)
  A gnoll sergeant (D:10)
  3 scorpions
  Dowan (D:4)
  A wight (D:7)
  3 killer bees (D:7)
  2 howler monkeys (D:8)
  A bullfrog zombie (D:10)
  A crimson imp (D:8)
  A quasit (D:7)
  3 orc priests
  5 hounds
  2 jellies
  8 orc wizards
  A bullfrog skeleton (D:5)
  Jessica (D:4)
  Natasha (thrice) (D:4)
  2 worker ants
  A hound skeleton (D:6)
  A howler monkey zombie (D:4)
  A worker ant zombie (D:10)
  Robin (Temple)
  11 adders
  4 gnolls
  A howler monkey skeleton (D:5)
  2 shadow imps
  2 oozes
  2 adder skeletons
  5 worms
  2 dart slugs (D:2)
  7 leopard geckos
  17 orcs
  6 giant cockroaches
  6 hobgoblins
  13 jackals
  A quokka (D:10)
  2 ball pythons
  7 bats
  4 frilled lizards
  12 goblins
  9 kobolds
  A leopard gecko skeleton (D:7)
  A leopard gecko zombie (D:6)
  4 rats (D:2)
201 creatures vanquished.

Vanquished Creatures (collateral kills)
  A wraith (D:9)
  3 yaks (D:10)
  Grum (D:10)
  An orc warrior (D:10)
  3 wolves (D:10)
  3 wights (D:7)
  A crimson imp (D:10)
  A hound (D:8)
  An orc wizard (D:10)
  2 orcs
  A jackal (D:7)
  A quokka (D:10)
  A kobold (D:8)
20 creatures vanquished.

Vanquished Creatures (others)
  A slave (D:7)
  A bullfrog (D:7)
  2 killer bees (D:7)
  An orc (D:7)
  2 jackals (D:7)
  A quokka (D:7)
8 creatures vanquished.

Grand Total: 229 creatures vanquished

Notes
Turn   | Place    | Note
-------+----------+-------------------------------------------
     0 | D:1      | MatthieuS the Tengu Air Elementalist began the quest for the Orb.
     0 | D:1      | Reached XP level 1. HP: 10/10 MP: 4/4
   342 | D:1      | Reached XP level 2. HP: 16/16 MP: 3/6
   347 | D:1      | Learned a level 2 spell: Swiftness
  1547 | D:2      | Reached skill level 1 in Fighting
  1547 | D:2      | Reached XP level 3. HP: 16/20 MP: 0/7
  1631 | D:2      | Learned a level 3 spell: Static Discharge
  2465 | D:2      | Found an opulent altar of Gozag.
  2525 | D:2      | Reached XP level 4. HP: 25/25 MP: 5/9
  2527 | D:2      | Found a snail-covered altar of Cheibriados.
  3005 | D:3      | Reached skill level 1 in Shields
  3141 | D:3      | Learned a level 1 spell: Animate Skeleton
  3143 | D:3      | Learned a level 1 spell: Confusing Touch
  3780 | D:4      | Noticed an ogre
  3791 | D:4      | Killed an ogre
  3791 | D:4      | Gained mutation: You can fly. [Tengu growth]
  3791 | D:4      | Reached XP level 5. HP: 30/30 MP: 4/10
  3806 | D:4      | Reached skill level 1 in Hexes
  3910 | D:4      | Found a sparkling altar of Nemelex Xobeh.
  3910 | D:4      | Noticed Jessica
  3917 | D:4      | Killed Jessica
  3967 | D:4      | Reached XP level 6. HP: 33/35 MP: 12/12
  4025 | D:4      | Reached skill level 5 in Air Magic
  4278 | D:4      | Noticed Duvessa
  4282 | D:4      | Noticed Dowan
  4288 | D:4      | Killed Dowan
  4288 | D:4      | Reached XP level 7. HP: 31/40 MP: 1/13
  4293 | D:4      | Killed Duvessa
  4550 | D:4      | Noticed Natasha
  4556 | D:4      | Killed Natasha
  4582 | D:4      | Noticed Natasha
  4592 | D:4      | Killed Natasha
  4601 | D:4      | Found a staircase to the Ecumenical Temple.
  4868 | Temple   | Entered the Ecumenical Temple
  5110 | D:4      | Noticed Robin
  5132 | Temple   | Killed Robin
  5408 | D:4      | Found a hide-covered altar of Uskayaw.
  5658 | D:4      | Noticed Natasha
  5673 | D:4      | Killed Natasha
  5832 | D:5      | Entered Level 5 of the Dungeon
  6078 | D:5      | Found a shimmering altar of Xom.
  6437 | D:5      | Learned a level 1 spell: Apportation
  6442 | D:5      | Learned a level 4 spell: Airstrike
  6629 | D:5      | Found a hazy altar of Hepliaklqana.
  6629 | D:5      | Found a burning altar of Makhleb.
  6793 | D:5      | Reached XP level 8. HP: 40/46 MP: 6/16
  7181 | D:6      | Reached skill level 6 in Air Magic
  7241 | D:6      | Reached skill level 5 in Spellcasting
  7642 | D:6      | Found Ikliat's Serpentskin Sales.
  7643 | D:6      | Reached skill level 5 in Conjurations
  7665 | D:6      | Bought a +0 leather armour of poison resistance for 66 gold pieces
  8195 | D:6      | Learned a level 5 spell: Lightning Bolt
  8452 | D:6      | Found Atilog's Weapon Boutique.
  8570 | D:7      | Reached skill level 7 in Air Magic
  8570 | D:7      | Reached XP level 9. HP: 52/52 MP: 11/19
  8700 | D:7      | Found a deep blue altar of Sif Muna.
  8703 | D:7      | Became a worshipper of Sif Muna the Loreminder
  8772 | D:7      | Found a bloodstained altar of Trog.
  8828 | D:7      | Found a runed door.
  8864 | D:7      | Noticed Pikel
  8876 | D:7      | Killed Pikel
  9035 | D:7      | Found an ancient bone altar of Kikubaaqudgha.
  9035 | D:7      | Found a shattered altar of Ashenzari.
  9036 | D:7      | Found a shadowy altar of Dithmenos.
  9271 | D:7      | Reached * piety under Sif Muna
  9368 | D:7      | Found Qiom's Jewellery Shoppe.
  9562 | D:8      | Reached skill level 1 in Armour
  9675 | D:8      | Reached skill level 5 in Fighting
  9675 | D:8      | Reached skill level 8 in Air Magic
 10082 | D:8      | Found a radiant altar of Vehumet.
 10266 | D:8      | Reached skill level 1 in Invocations
 10298 | D:8      | Found a staircase to the Lair.
 10348 | D:8      | Reached XP level 10. HP: 41/59 MP: 9/22
 10506 | D:8      | Got a crude flail {flame}
 10513 | D:8      | Identified the +9 flail of Jaasosh {flame, rC+++ Str-4 Int-2 Dex+7} (You took it off an orc wizard on level 8 of the Dungeon)
 10702 | D:8      | Found Siemiy's Food Boutique.
 10885 | D:8      | Found a glowing golden altar of the Shining One.
 11247 | D:9      | Learned a level 4 spell: Summon Lightning Spire
 11736 | D:9      | Noticed edsrzf's ghost (journeyman OpFE)
 11878 | D:9      | Killed edsrzf's ghost
 11878 | D:9      | Reached skill level 1 in Summonings
 12178 | D:9      | Reached ** piety under Sif Muna
 12348 | D:10     | Entered Level 10 of the Dungeon
 12554 | D:10     | Noticed Erica
 12562 | D:10     | Killed Erica
 12617 | D:10     | Noticed a two-headed ogre
 12629 | D:10     | Killed a two-headed ogre
 12629 | D:10     | Reached skill level 9 in Air Magic
 13008 | D:10     | Reached XP level 11. HP: 64/64 MP: 2/24
 13103 | D:10     | Noticed Grum
 13106 | D:10     | Killed Grum
 13133 | D:10     | Reached skill level 5 in Dodging
 13912 | Lair:1   | Entered Level 1 of the Lair of Beasts
 13912 | Lair:1   | Noticed Gastronok
 13921 | Lair:1   | Found a labyrinth entrance.
 13937 | Lab      | Entered a labyrinth
 14090 | Lab      | Noticed a minotaur
 14132 | Lab      | Killed a minotaur
 14418 | Lab      | Identified the Handbook of Frigorific Moulding
 14419 | Lab      | Found the +7 longbow "Piercer" {penet, EV-2}
 14467 | Lab      | Mangled by a minotaur zombie

Vault maps used:
D:1:      dpeg_arrival_signposts
D:2:      nicolae_gozag_seed_capital, kennysheep_slug_shrine
D:4:      nicolae_overflow_crystal_walls, minmay_temple_entry_junction_2,
          nemelex_lonely_heart_becter, uniq_natasha, uniq_duvessa, uniq_robin
D:5:      kennysheep_mini_moat, gammafunk_temple_overflow_pools, first_ration,
          minmay_statues_item
D:6:      serial_shops, shop, guppyfry_shop_venom
D:7:      lemuel_blue_sif_altar, gammafunk_temple_overflow_claw, basic_altar,
          serial_shops, nicolae_shop_behind_doors, uniq_crazy_yiuf_cottage,
          uniq_pikel
D:8:      tso_oasis_becter, vehumet_altar_wand_db, erik_lair_orcish_takeover,
          serial_shops, shop
D:10:     uniq_grum, uniq_erica
Temple:   jpeg_temple_alley_garden
Lair:1:   lab_entry_generic, infiniplex_staircase_pool, serial_bayou_shore_b,
          uniq_gastronok
Lab:      labyrinth_hidden_loot, nicolae_lab_dead_end,
          nicolae_lab_very_dead_end, labyrinth_skeletal_remains

Skill      XL: |  1  2  3  4  5  6  7  8  9 10 11 |
---------------+----------------------------------+-----
Fighting       | 1 2 3 4 5 6 |  6.4
Conjurations   | 2 3 4 5 7 8 |  8.7
Shields        | 1 2 3 4 |  4.3
Spellcasting   | 3 4 6 7 8 |  8.9
Hexes          | 1 2 |  2.0
Air Magic      | 5 7 8 9 |  9.6
Armour         | 1 3 |  3.0
Dodging        | 3 4 5 |  5.2
Invocations    | 1 |  1.0
Summonings     | 3 4 |  4.0
Stealth        | |  2.0

Action                   |  1- 3 |  4- 6 |  7- 9 | 10-12 || total
-------------------------+-------+-------+-------+-------++-------
Melee: Unarmed           |     4 |    28 |   136 |    78 ||   246
       Kick              |     5 |     9 |    35 |    30 ||    79
       Dagger            |    34 |     3 |       |       ||    37
       Peck              |     4 |     5 |    17 |    15 ||    41
 Cast: Shock             |    63 |    62 |   239 |   151 ||   515
       Confusing Touch   |       |     9 |    25 |    18 ||    52
       Static Discharge  |       |     2 |    18 |    22 ||    42
       Swiftness         |       |       |     1 |       ||     1
       Airstrike         |       |       |     4 |     8 ||    12
       Animate Skeleton  |       |       |     9 |     3 ||    12
       Summon Lightning  |       |       |       |    24 ||    24
       Lightning Bolt    |       |       |       |     4 ||     4
Invok: Divine Energy     |       |       |     1 |       ||     1
Evoke: Wand              |       |       |    11 |     8 ||    19
  Use: Potion            |     1 |       |     7 |     7 ||    15
       Scroll            |       |       |    17 |     3 ||    20
 Stab: Confused          |       |     1 |     3 |     4 ||     8
       Sleeping          |       |       |       |     1 ||     1
  Eat: Chunk             |     6 |     5 |    10 |    13 ||    34
       Ration            |       |       |     3 |     2 ||     5
Armor: Robe              |     7 |     3 |    23 |       ||    33
       Skin              |       |       |     1 |     5 ||     6
       Leather armour    |       |       |    19 |    12 ||    31
Dodge: Dodged            |    24 |    16 |    88 |    52 ||   180
Block: Buckler           |     6 |     2 |    67 |    31 ||   106

Table legend:
 A = Spawn XP
 B = Non-spawn XP
 C = Spawn XP percentage of total XP
 D = Spawn monster count
 E = Non-spawn monster count
 F = Spawn count percentage of total count
 G = Total turns spent on level
                    A         B        C        D         E        F      G
               +---------+---------+-------+---------+---------+-------+---------
         Total |       0 |   11322 |   0.0 |       0 |     223 |   0.0 | 14467
               +---------+---------+-------+---------+---------+-------+---------
           D:1 |       0 |      21 |   0.0 |       0 |      13 |   0.0 |  1466
           D:2 |       0 |      93 |   0.0 |       0 |      25 |   0.0 |  1411
           D:3 |       0 |      29 |   0.0 |       0 |       7 |   0.0 |  1156
           D:4 |       0 |     808 |   0.0 |       0 |      32 |   0.0 |  1400
           D:5 |       0 |     225 |   0.0 |       0 |      16 |   0.0 |  1256
           D:6 |       0 |    1016 |   0.0 |       0 |      20 |   0.0 |  1390
           D:7 |       0 |    1551 |   0.0 |       0 |      29 |   0.0 |   996
           D:8 |       0 |    1116 |   0.0 |       0 |      22 |   0.0 |  1461
           D:9 |       0 |    1674 |   0.0 |       0 |      18 |   0.0 |  1383
          D:10 |       0 |    3721 |   0.0 |       0 |      35 |   0.0 |  1527
        Temple |       0 |      63 |   0.0 |       0 |       4 |   0.0 |   466
        Lair:1 |       0 |     143 |   0.0 |       0 |       1 |   0.0 |    25
           Lab |       0 |     862 |   0.0 |       0 |       1 |   0.0 |   530
               +---------+---------+-------+---------+---------+-------+---------
